 Dungeon Crawl Stone Soup version 0.31-a0-963-ga325b2283a (webtiles) character file.

Game seed: 2790587407579166321

730 Azuregosa the Trooper (level 7, -1/51 (56) HPs)
             Began as a Merfolk Cinder Acolyte on Oct 24, 2023.
             Was a High Priest of Ignis.
             Slain by a bullfrog (4 damage)
             ... on level 6 of the Dungeon.
             The game lasted 00:19:53 (5382 turns).

Azuregosa the Trooper (Merfolk Cinder Acolyte)      Turns: 5382, Time: 00:19:54

HP:   -1/51 (56)    AC:  6    Str: 14    XL:     7   Next: 73%
MP:   7/21          EV: 11    Int: 20    God:    Ignis [*****.]
Gold: 41            SH:  0    Dex: 10    Spells: 11/13 levels left

rFire   + + .        a - -1 hand axe (flame)
rCold   x . .        e - orb {mayhem}
rNeg    . . .        b - +0 robe
rPois   +            J - +2 helmet
rElec   .            B - +0 cloak
rCorr   .            (no gloves)
SInv    .            (no boots)
Will    .....        (no amulet)
Stlth   +            G - ring "Muasch" {rPois MP+9}
HPRegen 0.28/turn    x - ring "Hazxu" {Fire Int+5}
MPRegen 0.17/turn

%: mayhem
@: drained
A: (nimble swimmer 2), mertail
a: Renounce Religion, Fiery Armour, Foxfire Swarm, Rising Flame


You were on level 6 of the Dungeon.
You worshipped Ignis.
Ignis was extremely pleased with you.
You visited 2 branches of the dungeon, and saw 7 of its levels.

You collected 372 gold pieces.
You spent 331 gold pieces at shops.

Inventory:

Hand Weapons
 a - a -1 hand axe of flaming (weapon)
 f - a +0 dagger of flaming
 o - a +3 short sword
 D - a +3 quarterstaff of chaos
 E - a +0 dagger of pain
 I - a +3 long sword
Missiles
 i - 63 stones
 r - 7 poisoned darts
 A - 2 throwing nets
Armour
 b - a +0 robe (worn)
 e - an orb of mayhem (worn)
 B - a +0 cloak (worn)
 J - a +2 helmet (worn)
Magical Staves
 u - a staff of cold
 H - a staff of cold
Jewellery
 q - a ring of magical power
 x - the ring "Hazxu" (right hand) {Fire Int+5}
   (You found it on level 3 of the Dungeon)

   [ring of fire]

   Fire:      It enhances your fire magic.
   Int+5:     It affects your intelligence (+5).
   rF+:       It protects you from fire.
   rC-:       It makes you vulnerable to cold.
 y - a ring of positive energy
 G - the ring "Muasch" (left hand) {rPois MP+9}
   (You found it on level 4 of the Dungeon)

   [ring of magical power]

   rPois:     It protects you from poison MP+9: It affects your magic capacity
   (+9).
 K - a +6 ring of intelligence
Talismans
 j - a serpent talisman
Wands
 w - a wand of flame (31)
Scrolls
 c - a scroll of fog {unknown}
 h - 2 scrolls of teleportation
 k - 2 scrolls of fear
 l - a scroll of amnesia {unknown}
 n - a scroll of acquirement {unknown}
 p - a scroll of noise {unknown}
 s - 4 scrolls of identify {unknown}
 C - a scroll of revelation {unknown}
Potions
 d - 2 potions of mutation {unknown}
 g - 3 potions of curing {unknown}
 m - 2 potions of degeneration {unknown}
 t - a potion of heal wounds {unknown}
 v - a potion of cancellation {unknown}
 z - 3 potions of lignification {unknown}
 F - a potion of brilliance {unknown}


   Skills:
 + Level 5.5 Fighting
 + Level 4.1 Axes
 + Level 3.8 Spellcasting
 + Level 3.8 Fire Magic


You had 11 spell levels left.
You knew the following spells:

 Your Spells              Type           Power      Damage    Failure   Level
a - Scorch                Fire           56%        2d7       4%          2

Your spell library contained the following spells:

 Spells                   Type           Power      Damage    Failure   Level
 Necrotise                Necr           12%        1d4       13%         1
 Ozocubu's Armour         Ice            3%         N/A       36%         3
 Tukima's Dance           Hex            3%         N/A       36%         3
 Vampiric Draining        Necr           3%         2d6       36%         3
 Passage of Golubria      Tloc           3%         N/A       78%         4
 Agony                    Necr           3%         N/A       98%         5
 Yara's Violent Unravell  Hex/Tmut       1%         3d3       98%         5
 Ozocubu's Refrigeration  Ice            1%         4d7       100%        7


Dungeon Overview and Level Annotations

Branches:
Dungeon (5/15)             Temple (1/1) D:4

Altars:
Ashenzari
Hepliaklqana
Nemelex Xobeh
Qazlal
Sif Muna
Uskayaw
Xom

Shops:
D:2 ?   D:3 *

Annotations:
D:5 Eustachio


Innate Abilities, Weirdness & Mutations

((You are very nimble when in or above water. (Stealth+, EV+, Speed+++)))
Your lower body shifts to a powerful aquatic tail in water.


Message History

You feel a surge of power!
Flames lash the wight.
The wight is heavily damaged.
The wight's fire resistance burns away.
The bullfrog misses you. The wight barely misses you.
Casting: Scorch (safe; 4% risk of failure)
Confirm with . or Enter, or press ? or * to list all spells.
You feel a surge of power!
Flames lash the wight.
The wight is burned terribly!
The wight is severely damaged.
The bullfrog hits you but does no damage.
The wight barely misses you. The bullfrog hits you.
Casting: Scorch (safe; 4% risk of failure)
Confirm with . or Enter, or press ? or * to list all spells.
You feel a surge of power!
Flames lash the bullfrog.
The bullfrog is burned terribly!
The bullfrog is severely wounded.
The bullfrog hits you!
The wight hits you from afar with a +4 trident!
You feel drained.
Casting: Scorch (safe; 4% risk of failure)
Confirm with . or Enter, or press ? or * to list all spells.
You feel a surge of power!
Flames lash the bullfrog.
The bullfrog is burned terribly!
The bullfrog is almost dead.
The bullfrog barely misses you. The wight barely misses you.
The wight hits you from afar with a +3 trident of freezing.
* * * LOW HITPOINT WARNING * * *
You feel drained. The wight freezes you.
* * * LOW HITPOINT WARNING * * *
The bullfrog hits you.
* * * LOW HITPOINT WARNING * * *
The wight is no longer more vulnerable to fire.
The bullfrog completely misses you. The bullfrog barely misses you.
The bullfrog attacks as it pursues you! The bullfrog hits you.
* * * LOW HITPOINT WARNING * * *
The wight is no longer more vulnerable to fire.
The bullfrog hits you but does no damage.
There is a stone staircase leading down here.
The bullfrog hits you.
You die...

#............#
#............###########
#########..............####
#.........#[......#
#.........#.......#
#.........#.......#
#.........'.......#
#.........#.......#
#..zzF@...#.......#
###########z........#'##...######
...........###+#.......#...#.....
..........z....+.......#.........
.........#.....#.......#.....#...
!........#.....#.......#.....#...
.........#.....#.......#.....#...
.........#...###.......#######...
.....#+###+######'####...........


You could see a bullfrog (combustible) and 3 wights.

Vanquished Creatures
  Grinder (D:3)
  Blork the orc (D:4)
  A hound (D:4)
  An orc priest (D:5)
  Crazy Yiuf (D:3)
  An iguana (D:6)
  Ijyb (D:5)
  Natasha (thrice) (D:4)
  Robin (D:3)
  2 gnolls (D:5)
  8 adders
  A shadow imp (D:6)
  3 dart slugs
  13 orcs
  5 endoplasms
  3 giant cockroaches
  19 goblins
  7 hobgoblins
  2 quokkas
  12 ball pythons
  4 bats
  4 frilled lizards
  7 kobolds
  5 rats
106 creatures vanquished.

Vanquished Creatures (collateral kills)
  A gnoll (D:5)
  2 orcs (D:4)
  An endoplasm (D:1)
  3 hobgoblins (D:3)
  3 goblins
  A kobold (D:2)
11 creatures vanquished.

Vanquished Creatures (others)
  A goblin (D:3)
1 creature vanquished.

Grand Total: 118 creatures vanquished

Notes
Turn   | Place    | Note
-------+----------+-------------------------------------------
     0 | D:1      | Azuregosa the Merfolk Cinder Acolyte began the quest for
                  | the Orb.
     0 | D:1      | Reached XP level 1. HP: 18/18 MP: 2/2
   212 | D:1      | Reached XP level 2. HP: 24/24 MP: 3/3
  1061 | D:2      | Reached XP level 3. HP: 4/30 MP: 5/5
  1225 | D:2      | Learned a level 2 spell: Scorch
  1245 | D:2      | Found Yxtyxta's Magic Scroll Emporium.
  1253 | D:2      | Bought a scroll of fear for 52 gold pieces
  1253 | D:2      | Bought a scroll of teleportation for 39 gold pieces
  1831 | D:2      | Reached XP level 4. HP: 37/37 MP: 6/6
  2359 | D:3      | Noticed Grinder
  2371 | D:3      | Killed Grinder
  2372 | D:3      | Reached skill level 4 in Fighting
  2372 | D:3      | Reached XP level 5. HP: 10/43 MP: 5/9
  2372 | D:3      | Reached XP level 6. HP: 12/49 MP: 5/10
  2522 | D:3      | Identified the ring "Hazxu" {Fire Int+5}
  2542 | D:3      | Noticed Robin
  2590 | D:3      | Killed Robin
  2660 | D:3      | Found Munlafav's Assorted Antiques.
  2744 | D:3      | Found a faded altar of an unknown god.
  3025 | D:3      | Found a runed translucent door.
  3026 | D:3      | Noticed Crazy Yiuf
  3031 | D:3      | Killed Crazy Yiuf
  3349 | D:4      | Identified the ring "Muasch" {rPois MP+9}
  3575 | D:4      | Noticed Blork the orc
  3581 | D:4      | Killed Blork the orc
  3582 | D:4      | Reached skill level 5 in Fighting
  3582 | D:4      | Reached XP level 7. HP: 51/56 MP: 9/11
  4035 | D:4      | Noticed Natasha
  4042 | D:4      | Killed Natasha
  4091 | D:4      | Found a staircase to the Ecumenical Temple.
  4100 | Temple   | Entered the Ecumenical Temple
  4188 | D:5      | Entered Level 5 of the Dungeon
  4188 | D:5      | Noticed Ijyb
  4194 | D:5      | Killed Ijyb
  4400 | D:4      | Noticed Natasha
  4405 | D:4      | Killed Natasha
  4473 | D:4      | Noticed Natasha
  4479 | D:4      | Killed Natasha
  4669 | D:3      | Bought a glowing helmet for 240 gold pieces
  4926 | D:5      | Noticed Eustachio
  5012 | D:5      | You fall into a shaft and drop 1 floor!
  5380 | D:6      | HP: 2/51 [bullfrog (5)]
  5382 | D:6      | Slain by a bullfrog

Illustrated notes

Levels and vault maps discovered:
D:1:      wander_arrival_desolate, layout_basic
D:2:      layout_loops_ring, serial_shops, shop
D:3:      layout_loops_ring, serial_shops, shop,
          chequers_ecumenical_altar_grove, st_stairs_2, uniq_robin,
          uniq_crazy_yiuf_cottage, uniq_grinder
D:4:      cheibrodos_greedy_goblins, layout_rooms, lemuel_temple_firewalk_b,
          uniq_blork_the_orc, uniq_natasha
D:5:      layout_loops_cross, kiku_gazebo_pond_becter, lemuel_round_altar,
          nicolae_inconvenience_store, uniq_sigmund, uniq_eustachio, uniq_ijyb
D:6:      layout_gridville, mainiacjoe_overflow_small_starburst, serial_shops,
          shop, centaur_isle
Temple:   nicolae_temple_bog_church

Skill      XL: |  1  2  3  4  5  6  7 |
---------------+----------------------+-----
Spellcasting   | 2 3 |  3.8
Fighting       | 4 5 |  5.5
Axes           | 3 4 |  4.1
Fire Magic     | 3 |  3.8

Action                     |  1- 3 |  4- 6 |  7- 9 || total
---------------------------+-------+-------+-------++-------
  Melee: Hand axe          |   113 |    53 |    10 ||   176
   Cast: Scorch            |     4 |    40 |    62 ||   106
 Armour: Robe              |    79 |    52 |    56 ||   187
  Dodge: Dodged            |    82 |    55 |    56 ||   193

Table legend: (Time is in decaauts)
 A = Elapsed time spent in this place.
 B = Non-inter-level travel time spent in this place.
 C = Inter-level travel time spent in this place.
 D = Time resting spent in this place.
 E = Time spent auto-exploring this place.
 F = Levels seen in this place.
 G = Mean time per level.
                   A        B        C        D        E       F      G
               +--------+--------+--------+--------+--------+-----+--------+
         Total |   5409 |   5243 |    166 |   1333 |   2653 |   7 |  772.7 |
       Dungeon |   5407 |   5241 |    166 |   1333 |   2653 |   6 |  901.2 |
        Temple |      1 |      1 |      0 |      0 |      0 |   1 |    1.0 |
               +--------+--------+--------+--------+--------+-----+--------+

Top non-repeatable levels by time:
     D:4: 1473 daAuts
     D:2: 1133 daAuts
     D:3: 1113 daAuts
     D:1: 990 daAuts
     D:6: 363 daAuts
     D:5: 333 daAuts
  Temple: 1 daAuts
